← All builds
Suicide front / Armada / Factory first / OBSERVED BUILD

Gauntlet defence

Armada Suicide front build order · Supreme Isthmus

A Bot Lab opening transitions into an early Gauntlet around 3:41, far earlier than usual, giving the suicide front a static artillery piece to anchor the middle before the normal T2 transition.

#defence #artillery · 157 distinct matches · 49 players · 4% of Armada Suicide front games · team won 58% of 163 · Recently observed

THE CATCH, AND WHAT COMES WITH IT
  • GauntletEarly defence from 3:38 · 7% of role by thenOnly 7% of Suicide front games have it by then; others who build it get it around 8:14

Where those units first fight, in 158 games with kill data: in the middle 100%.

Those units destroy a typical 1,260 metal of enemy units by 15:00.

Then transitions into rocketeer (13% of army), Rattlesnake (13% of army), Beamer (8% of army).

HOW TO PLAY IT

Key timing: Gauntlet by 3:42

  1. Open mex and Bot Lab as usual for Suicide front.
  2. Add early Beamers to start anchoring the middle.
  3. Push out a Gauntlet well ahead of the field to hold middle.
  4. Reclaim Bot Lab in many games to recycle metal into eco.
  5. Transition into Rocketeer and Rattlesnake army as T2 nears.

Phase by phase

TYPICAL OF ITS 157 GAMES · AGAINST STANDARD SUICIDE FRONT
  1. 1
  2. 2
  3. 3
PLAY THE OPENING

Follow the example game's first 6:00 step by step: what to build now, what comes next, and where it goes. At 1× it keeps pace with your own game.

  1. 1

    Up to the Bot Lab

    Economy
    • Metal Extractor1Mex
    Order
    1. Bot LabBot Lab done ~0:26, middle half 0:20–0:33

    By 0:10 in all: 1 mex

    The example game in this phase · 2 steps
    1. Mex
    2. Bot LabBot Labfor Techdone 0:26 · typical 0:26
  2. 2

    Bot Lab to Early defence

    Economy
    • Metal Extractor4Mex
    • Wind Turbine2Wind
    Order
    1. GauntletEarly defence after 5 mex, 3 winddone ~5:03, middle half 4:25–5:29
    Builders
    • Construction Bot3 Con bot
    • Lazarus2 Lazarus
    Army
    • Sentry2 Sentry
    • Beamer2 Beamer +2 vs standard
    • Rocketeer6 Rocketeer −4 vs standard
    • Tick1 Tick
    • Pawn1 Pawn
    Other
    • Radar Tower1 Radar Tower

    Some games also: centurion (45%)

    By 3:38 in all: 5 mex · 3 wind

    The example game in this phase · 23 steps
    1. LazarusLazarus
    2. Mex
    3. Construction BotCon bot
    4. Wind
    5. SentrySentry
    6. Construction BotCon botfor Tech
    7. Mexfor Tech
    8. CenturionCenturion
    9. RocketeerRocketeer ×2
    10. Mex
    11. RocketeerRocketeer
    12. SentrySentry
    13. RocketeerRocketeer
    14. Radar TowerRadar Tower
    15. Construction BotCon botfor Tech
    16. BeamerBeamer
    17. CenturionCenturion
    18. Mex
    19. RocketeerRocketeer ×3
    20. BeamerBeamer
    21. LazarusLazarus
    22. Construction BotCon botfor Tech
    23. GauntletGauntletdone 4:27 · typical 5:03
  3. 3

    Early defence to 10:00

    Economy
    • Metal Extractor1Mex
    • Wind Turbine25Wind+7 vs standard
    • Energy Storage1Energy storage
    Builders
    • Construction Turret3 Con turret
    • Lazarus1 Lazarus
    • Construction Bot1 Con bot
    Army
    • Sentry1 Sentry
    • Beamer1 Beamer
    • Rocketeer2 Rocketeer −13 vs standard
    Other
    • Dragon's Teeth4 Dragon's Teeth +4 vs standard

    Some games also: tick (42%) · converter (39%) · Sneaky Pete (39%) · pawn (37%) · Gauntlet (37%) · eat Bot Lab (42%)

    By 10:00 in all: 6 mex · 27 wind · 1 energy storage · 3 con turret

    The example game in this phase · 56 steps
    1. Construction BotCon bot
    2. Wind
    3. Windfor Tech
    4. Wind
    5. SentrySentry
    6. Con turret
    7. TickTick ×2
    8. SentrySentry
    9. TickTick ×2
    10. SentrySentry
    11. BeamerBeamer
    12. CenturionCenturion ×2
    13. BeamerBeamer
    14. CenturionCenturion ×2
    15. NettleNettle
    16. Con turret
    17. Construction BotCon botfor Tech
    18. Wind ×3for Tech
    19. Advanced Metal ExtractorT2 mexdone 7:32 · typical 9:17
    20. Windfor Tech
    21. Construction BotCon botfor Tech
    22. Con turret
    23. Wind ×4for Tech
    24. RattlesnakeRattlesnakedone 8:48
    25. Construction BotCon bot
    26. Wind ×2for Tech
    27. Wind
    28. Advanced Metal ExtractorT2 mex
    29. Converter
    30. TickTick
    31. Converter ×3
    32. TickTick ×2
    33. Converter
    34. Construction BotCon botfor Tech
    35. Converter
    36. BeamerBeamer
    37. Converter
    38. Advanced Metal ExtractorT2 mex
    39. Windfor Tech
    40. Construction BotCon botfor Tech
    41. Converter
    42. Wind ×2for Tech
    43. Construction BotCon botfor Tech
    44. Windfor Tech
    45. Construction BotCon botfor Tech
    46. Windfor Tech
    47. Advanced Metal ExtractorT2 mexfor Tech
    48. Wind
    49. Construction BotCon bot
    50. Wind
    51. CenturionCenturion
    52. Windfor Tech
    53. CenturionCenturion
    54. Windfor Tech
    55. CenturionCenturion
    56. CenturionCenturionfor Tech

Counts are medians over the build's games: half of them build more, half fewer. The example game is Cokeado's (36 OS, 15/10/2026); pick another.

Team trades

IN AT LEAST 30% OF ITS GAMES

You hand over

Nothing regular.

You get

  • Tidal Generator4 Tidal from Pondfirst at 0:09 · in 71% of games
  • Advanced Construction Bot1 T2 con bot from Geo or Techfirst at 7:39 · in 72% of games

How it plays out

Typical game of this build against the role’s standard build, running totals by minute

  • This build
  • Standard suicide front

Metal produced

010k20k30k
0:005:0010:0015:00

metal

Enemy metal destroyed

05k10k
0:005:0010:0015:00

metal

Own metal lost

05k10k
0:005:0010:0015:00

metal

163 games.

Show as table
ByMetal produced: This buildMetal produced: Standard suicide frontEnemy metal destroyed: This buildEnemy metal destroyed: Standard suicide frontOwn metal lost: This buildOwn metal lost: Standard suicide front
1:002302300000
2:0088588700210
3:0019672006193193117130
4:0031803105463647291502
5:00432741878951359683990
6:00546453531446220310641677
7:00656965462577308117352549
8:00791677553300396224103446
9:00930590354150473031274337
10:0011057104015073534938315120
11:0012988118515491589345145902
12:0015316135416144644553326634
13:0018283153416605692761067397
14:0021718172137493755268278186
15:0025043191558376819181378950
WHAT THE NUMBERS SAY

Slightly lower team win rate than standard but produces more metal and loses less by 15:00, trading some kills for safety.

  • + Own metal lost drops to 8453 vs 9182 standard by 15:00.
  • + Metal production climbs to 24621 vs 20088 standard by 15:00.
  • − Enemy metal destroyed lags standard at every checkpoint.
  • − Team win rate falls to 51% vs 58% standard.
THE EXAMPLE YOU ARE READING

Cokeado

35.9 OS · 15/10/2026

Open source match ↗

9 received units · includes a constructor
158 metal received · 28721 energy received

Allied construction assistance is unknown. Timings are observations, not a promise of solo reproducibility.

Typical milestones

Bot Lab0:26Middle 50%: 0:20–0:33 · n=163
Gauntlet5:03Middle 50%: 4:25–5:29 · n=151
Advanced Metal Extractor9:17Middle 50%: 8:38–10:16 · n=139

Played most by

_X_20games of this buildChaoticNoob15games of this build[crd]sisa14games of this build_Hawkey_13games of this buildTrapCaT12games of this build